 Dungeon Sprint DCSS version 0.17-a0-1650-gce8475a (webtiles) character file.

424 Kidiri the Covert (level 6, -4/25 HPs)
             Began as a Spriggan Enchanter on Aug 13, 2015.
             Was a Follower of Dithmenos.
             Killed by a malign offering
             ... invoked by a deep elf priest
              (16 damage)
             ... in the Dungeon (Sprint III: "The Ten Rune Challenge").
             The game lasted 00:04:22 (894 turns).

Kidiri the Covert (Spriggan Enchanter)               Turns: 894, Time: 00:04:22

Health: -4/25      AC:  5    Str:  3 (4)  XL:     6   Next: 64%
Magic:  17/17      EV: 26    Int: 17      God:    Dithmenos [*.....]
Gold:   25         SH:  0    Dex: 18      Spells: 6 memorised, 3 levels left

rFire  . . .     SeeInvis +     k - +3 dagger (freeze)
rCold  . . .     Clarity  +     b - +1 robe
rNeg   . . .     SustAt   .     (shield restricted)
rPois  .         Gourm    .     (helmet restricted)
rElec  .         Spirit   .     (no cloak)
rCorr  .         Warding  .     (gloves unavailable)
rMut   .         NoTele   +     (boots unavailable)
MR     +....                    (no amulet)
Stlth  ++++++....               (no ring)
                                (no ring)

@: wreathed by umbra, very quick, somewhat resistant to hostile enchantments,
very stealthy
A: unfitting armour, thin metallic scales 1, see invisible, clarity,
deterioration 1, herbivore 3, speed 3, frail 1, slow metabolism 2
a: Renounce Religion


You were in the Dungeon.
You worshipped Dithmenos.
Dithmenos was aware of your devotion.
You were not hungry.

You visited 1 branch You collected 25 gold pieces.

Inventory:

Hand weapons
 k - a +3 dagger of freezing (weapon)
Armour
 b - a +1 robe (worn)
Scrolls
 j - a scroll of blinking
 m - 2 scrolls of holy word {unknown}
 o - 3 scrolls of remove curse
Potions
 e - a potion of curing
 g - a potion of haste
 h - a potion of magic
 q - a potion of invisibility
 r - 3 potions of flight
 s - a potion of resistance
Books
 a - a book of Summonings

   Spells                             Type                      Level
   a - Recall                         Summoning/Translocation      3
   b - Aura of Abjuration             Summoning                    5
   c - Shadow Creatures               Summoning                    5
   d - Summon Demon                   Summoning                    5
   e - Summon Forest                  Summoning/Translocation      5
   f - Summon Mana Viper              Hexes/Summoning              5
Comestibles
 d - 2 bread rations
 p - 2 royal jellies


   Skills:
 + Level 4.8 Short Blades
 + Level 4.5 Throwing
 * Level 9.5 Dodging
 * Level 10.8 Stealth
 * Level 7.6 Spellcasting
 + Level 2.1 Conjurations
 + Level 6.3 Hexes
 + Level 0.0 Summonings
 + Level 3.1 Ice Magic
 - Level 1.5 Invocations


You had 3 spell levels left.
You knew the following spells:

 Your Spells              Type           Power        Failure   Level  Hunger
a - Corona                Hex            ####...      1%          1    None
b - Ensorcelled Hibernat  Hex/Ice        ###...       2%          2    None
c - Confuse               Hex            ####....     2%          3    ##.....
d - Tukima's Dance        Hex            ####....     2%          3    ##.....
e - Dazzling Spray        Conj/Hex       ###.....     8%          3    ##.....
f - Summon Mana Viper     Hex/Summ       ###.....     82%         5    #####..


Dungeon Overview and Level Annotations

Branches:
Dungeon (1/1)

Altars:
Dithmenos
Elyvilon
Gozag
Kikubaaqudgha
Makhleb
Nemelex Xobeh
Qazlal
Ru
Sif Muna
Vehumet
Xom
Zin
The Shining One
Jiyva
Lugonu


Innate Abilities, Weirdness & Mutations

You are tiny and cannot use many weapons and most armour.
You have supernaturally acute eyesight.
You are a herbivore.
You cover ground extremely quickly.
You need consume almost no food.
You are partially covered in thin metallic scales (AC +2).
You possess an exceptional clarity of mind.
Your body sometimes deteriorates upon taking damage.
You are frail (-10% HP).


Message History

Aim: a deep elf priest, wielding a long sword of holy wrath (umbra, chance to defeat MR: 23%)
The deep elf priest resists with almost no effort.
The deep elf priest closely misses you.
Casting: Confuse
Confirm with . or Enter, or press ? or * to list all spells.
Aiming: Dazzling Spray
Press: ? - help, Shift-Dir - straight line, f/p - deep elf priest
Aim: a deep elf priest, wielding a long sword of holy wrath (umbra)
The spray of energy hits the deep elf priest.
The deep elf priest is lightly wounded.
Casting: Dazzling Spray
Confirm with . or Enter, or press ? or * to list all spells.
You don't have enough magic to cast that spell.
Unknown command.
Drink which item? (? for menu, Esc to quit)
Magic courses through your body.
The deep elf priest utters a dark prayer and points at you.
Your life force is offered up.
Ouch! That really hurt!
You die...

▓▓▓▓▓▓▓▓▓ ▓▓▓ ..+...♣.♣♣
♣.##### .:#......♣ ♣.#___#
###....♣.♣ ♣♣.#e@.#
..#....≈.♣♣♣..###'#+###+##
..#...≈≈..♣...#..........#
.%#..≈≈≈≈..♣♣.'.⌠........#
#'#..≈≈≈≈≈≈♣..#...######+#
[.#.≈≈≈≈≈≈....#.⌠.#__#...#
..#.≈≈≈≈≈.....#...#__#...#
..#.≈≈≈.......#+###__#...#
###...........#.))#__#...+


You could see a deep elf priest.

Vanquished Creatures
  A shadow (D)
  A spatial vortex (D)
  A water elemental (D)
  A jelly (D)
  Jessica (D)
  A wizard (D)
  A human (D)
  A kobold demonologist (D)
  A phantom (D)
  3 rats (D)
12 creatures vanquished.

Vanquished Creatures (others)
  2 draconian scorchers (D)
  2 yaktaurs (D)
4 creatures vanquished.

Grand Total: 16 creatures vanquished

Notes
Turn   | Place    | Note
--------------------------------------------------------------
     0 | D        | Kidiri the Spriggan Enchanter began the quest for the Orb.
     0 | D        | Reached XP level 1. HP: 9/9 MP: 5/5
    18 | D        | Noticed Jessica
    35 | D        | Killed Jessica
    35 | D        | Reached skill level 1 in Throwing
    35 | D        | Reached skill level 5 in Dodging
    35 | D        | Reached skill level 6 in Stealth
    35 | D        | Reached XP level 2. HP: 4/13 MP: 5/7
    42 | D        | Learned a level 2 spell: Ensorcelled Hibernation
   158 | D        | Killed a yaktaur
   203 | D        | Killed a white draconian scorcher
   254 | D        | Killed a white draconian scorcher
   282 | D        | Reached XP level 3. HP: 16/16 MP: 7/9
   287 | D        | Learned a level 3 spell: Confuse
   291 | D        | Learned a level 3 spell: Tukima's Dance
   320 | D        | Reached skill level 7 in Stealth
   343 | D        | Gained mutation: Your body sometimes deteriorates upon taking damage. [potion of mutation]
   343 | D        | Gained mutation: You possess an exceptional clarity of mind. [potion of mutation]
   343 | D        | Gained mutation: You are partially covered in thin metallic scales (AC +2). [potion of mutation]
   344 | D        | Gained mutation: You are frail (-10% HP). [potion of mutation]
   344 | D        | Gained mutation: Your body often deteriorates upon taking damage. [potion of mutation]
   344 | D        | Lost mutation: Your body often deteriorates upon taking damage. [potion of mutation]
   433 | D        | Noticed a water elemental
   435 | D        | Killed a water elemental
   435 | D        | Reached skill level 8 in Stealth
   435 | D        | Reached skill level 5 in Spellcasting
   435 | D        | Reached skill level 5 in Hexes
   435 | D        | Reached skill level 1 in Ice Magic
   435 | D        | Reached XP level 4. HP: 18/18 MP: 10/12
   440 | D        | Learned a level 3 spell: Dazzling Spray
   497 | D        | Noticed a jelly
   498 | D        | Noticed a shadow
   540 | D        | Killed a shadow
   540 | D        | Reached skill level 9 in Stealth
   540 | D        | Reached skill level 1 in Conjurations
   540 | D        | Reached XP level 5. HP: 18/21 MP: 10/15
   542 | D        | Killed a jelly
   666 | D        | Found a stormy altar of Qazlal.
   667 | D        | Found a sacrificial altar of Ru.
   667 | D        | Found a burning altar of Makhleb.
   667 | D        | Found a viscous altar of Jiyva.
   667 | D        | Found a shimmering altar of Xom.
   667 | D        | Found a shadowy altar of Dithmenos.
   667 | D        | Found a sparkling altar of Nemelex Xobeh.
   667 | D        | Found a corrupted altar of Lugonu.
   667 | D        | Found an opulent altar of Gozag.
   667 | D        | Noticed a spatial vortex
   671 | D        | Became a worshipper of Dithmenos the Shadowed
   692 | D        | Killed a spatial vortex
   692 | D        | Reached skill level 10 in Stealth
   692 | D        | Reached skill level 1 in Invocations
   692 | D        | Reached XP level 6. HP: 25/25 MP: 2/17
   818 | D        | Killed a yaktaur
   856 | D        | Found a radiant altar of Vehumet.
   857 | D        | Found a deep blue altar of Sif Muna.
   857 | D        | Found an ancient bone altar of Kikubaaqudgha.
   857 | D        | Noticed a wizard
   858 | D        | Killed a wizard
   874 | D        | Learned a level 5 spell: Summon Mana Viper
   884 | D        | Found a glowing silver altar of Zin.
   885 | D        | Found a glowing golden altar of the Shining One.
   885 | D        | Found a white marble altar of Elyvilon.
   885 | D        | Noticed a deep elf priest
   894 | D        | Killed from afar by a deep elf priest

Vault maps used:
D:        dungeon_sprint_mu

Action                   |  1- 3 |  4- 6 || total
-------------------------+-------+-------++-------
Melee: Dagger            |    25 |    40 ||    65
 Cast: Corona            |     1 |       ||     1
       Confuse           |     3 |     5 ||     8
       Dazzling Spray    |       |     5 ||     5
       Ensorcelled Hiber |       |     3 ||     3
  Use: Scroll            |     3 |       ||     3
       Potion            |     2 |     3 ||     5
 Stab: Sleeping          |     4 |     2 ||     6
       Confused          |     1 |       ||     1
